AoeStats
← Preston

Arabia

510237137Analyzed
1v1 RM · 11h ago on Sep 30, 2026· 36m 20s· 2 players
Game mode
Random Map
Map size
Tiny (2 player)
Population
200
Speed
Normal
Resources
Standard
Victory
Conquest
Starting age
Dark Age
Ending age
Imperial Age
RankedLock teamsTeams togetherTeam positionsShared explorationLock speedFull tech treeHidden civsTurbo modeCheats
Victory
Defeat
🇦🇷 Danes · Argentina
1394
+13
🇫🇷 Poles · France
1319
-13
Preston
6:11 Loom
9:46 Feudal Age
10:14 Double-Bit Axe
10:27 Town Watch
14:47 Horse Collar
20:50 Bloodlines
22:05 Wheelbarrow
23:46 Scale Barding Armor
26:04 Castle Age
24:27 Forging
24:36 Fletching
25:04 Gold Mining
26:17 Light Cavalry
26:59 Husbandry
27:27 Chain Barding Armor
27:30 Bow Saw
30:00 Stone Mining
32:12 Fletching
32:58 Iron Casting
33:38 Bodkin Arrow
samuel_ojeda
6:24 Loom
9:10 Feudal Age
9:14 Man-at-Arms
16:06 Double-Bit Axe
18:13 Fletching
18:35 Padded Archer Armor
24:25 Castle Age
24:47 Scale Mail Armor
24:57 Forging
24:53 Horse Collar
25:28 Bow Saw
25:22 Gambesons
25:41 Squires
25:27 Arson
25:15 Long Swordsman
26:26 Chain Mail Armor
29:55 Iron Casting
Connection lost

Rejoining the realm…

Still unreachable

The connection could not be restored.

Session expired

The server has moved on; the page needs a fresh start.